 Dungeon Crawl Stone Soup version 0.23.0 (webtiles) character file.

Game seed: 5965839350217876821

848 dengdeng the Carver (level 7, -20/61 HPs)
             Began as a Minotaur Berserker on Feb 8, 2019.
             Was a Priest of Trog.
             Demolished by an ogre
             ... wielding a +0 giant spiked club
              (23 damage)
             ... on level 4 of the Dungeon.
             The game lasted 00:11:35 (3093 turns).

dengdeng the Carver (Minotaur Berserker)            Turns: 3093, Time: 00:11:36

Health: -20/61     AC: 10    Str: 27    XL:     7   Next: 69%
Magic:  6/6        EV:  9    Int:  4    God:    Trog [***...]
Gold:   62         SH:  0    Dex: 10    Spells: 6/6 levels left

rFire    . . .     SeeInvis .   a - +0 falchion
rCold    . . .     Gourm    .   (no shield)
rNeg     . . .     Faith    .   y - +1 chain mail
rPois    .         Spirit   .   (helmet restricted)
rElec    .         Reflect  .   (no cloak)
rCorr    .         Harm     .   (no gloves)
MR       .....     Rnd*Tele +   (no boots)
Stlth    ..........             (no amulet)
HPRegen  0.20/turn              b - ring of teleportation (curse)
MPRegen  0.10/turn              q - +4 ring of strength

@: no status effects
A: retaliatory headbutt, horns 2
a: Berserk, Trog's Hand, Renounce Religion


You were on level 4 of the Dungeon.
You worshipped Trog.
Trog was most pleased with you.
You were not hungry.

You visited 1 branch of the dungeon, and saw 4 of its levels.

You collected 62 gold pieces.

Inventory:

Hand Weapons
 a - a +0 falchion (weapon)
Missiles
 f - 86 stones (quivered)
Armour
 y - a +1 chain mail (worn)
Jewellery
 b - a cursed ring of teleportation (left hand)
 e - an uncursed ring of wizardry
 g - an uncursed ring of poison resistance
 n - a cursed ring of attention {unknown}
 p - a +3 ring of intelligence {unknown}
 q - a +4 ring of strength (right hand)
 w - an uncursed ring of ice
Potions
 d - a potion of agility {unknown}
 h - 2 potions of ambrosia {unknown}
 i - 4 potions of lignification {unknown}
 j - a potion of invisibility {unknown}
 k - 4 potions of might
 l - a potion of brilliance {unknown}
 o - a potion of heal wounds {unknown}
 r - 2 potions of curing {unknown}
 x - a potion of mutation {unknown}
Comestibles
 c - 4 rations


   Skills:
 + Level 5.4 Fighting
 * Level 8.8 Long Blades
 + Level 0.3 Throwing
 + Level 5.2 Armour
 + Level 2.7 Dodging
 + Level 0.3 Stealth


You had 6 spell levels left.
You didn't know any spells.
Your spell library was empty.

Dungeon Overview and Level Annotations

Branches:
Dungeon (4/15)
 Temple: D:4-7

Altars:
Gozag
Hepliaklqana
Nemelex Xobeh
Okawaru
Ru
Trog
Wu Jian

Shops:
D:2 *


Innate Abilities, Weirdness & Mutations

You reflexively headbutt those who attack you in melee.
You have a pair of horns on your head.


Message History

You headbutt the ogre, but do no damage.
The ogre is lightly wounded.
You barely miss the ogre.
The ogre is lightly wounded.
The ogre hits you with a +0 giant spiked club!
You hit the ogre.
The ogre is lightly wounded.
The ogre hits you with a +0 giant spiked club!!
* * * LOW HITPOINT WARNING * * *
You hit the ogre but do no damage.
The ogre is lightly wounded.
You hit the ogre. You headbutt the ogre.
The ogre is moderately wounded.
The ogre closely misses you. You furiously retaliate!
You headbutt the ogre. You hit the ogre. Your headbutt misses the ogre.
The ogre is heavily wounded.
You hit the ogre.
The ogre is severely wounded.
The ogre hits you with a +0 giant spiked club!!
You die...

###.###.##.......
#...#..O..#...#
...#...#.#..#..#
.#...#.........#
##..###.##o.#.##
#.. ## ##.#.# #.
#.#.# # .
#...#######.##
#....O@).....#
###########......
.#### .# # ..##
.... ..## ##


You could see an ogre.

Vanquished Creatures
  Pikel (D:4)
  A phantom (D:4)
  An ogre (D:4)
  An orc priest (D:2)
  A worker ant (D:4)
  Natasha (thrice) (D:2)
  A hound zombie (D:2)
  4 adders
  An ooze (D:3)
  5 worms
  4 dart slugs
  3 leopard geckos
  7 orcs
  4 giant cockroaches
  9 goblins
  6 hobgoblins
  6 kobolds
  4 quokkas
  2 ball pythons
  5 bats
  6 frilled lizards
  12 rats
87 creatures vanquished.

Vanquished Creatures (others)
  2 slaves (D:4)
  A scorpion (D:4)
  A bullfrog zombie (D:4)
  A quokka skeleton (D:4)
5 creatures vanquished.

Grand Total: 92 creatures vanquished

Notes
Turn   | Place    | Note
-------+----------+-------------------------------------------
     0 | D:1      | dengdeng the Minotaur Berserker began the quest for the
                  | Orb.
     0 | D:1      | Reached XP level 1. HP: 19/19 MP: 0/0
   130 | D:1      | Reached skill level 4 in Long Blades
   136 | D:1      | Reached XP level 2. HP: 18/27 MP: 1/1
   654 | D:1      | Found an iron altar of Okawaru.
   906 | D:2      | Reached XP level 3. HP: 31/33 MP: 2/2
   934 | D:2      | Reached ** piety under Trog
  1142 | D:2      | Reached skill level 5 in Long Blades
  1142 | D:2      | Reached XP level 4. HP: 11/41 MP: 3/3
  1409 | D:2      | Found Gozag's Platinum Reserve.
  1443 | D:2      | Noticed a moth of wrath
  1455 | D:2      | Found a bloodstained altar of Trog.
  1499 | D:2      | Found an ornate altar of the Wu Jian Council.
  1516 | D:2      | Noticed Natasha
  1527 | D:2      | Killed Natasha
  1527 | D:2      | Reached XP level 5. HP: 44/47 MP: 4/4
  1592 | D:2      | Noticed Natasha
  1598 | D:2      | Killed Natasha
  1666 | D:2      | Noticed Natasha
  1673 | D:2      | Killed Natasha
  1850 | D:2      | Found an opulent altar of Gozag.
  1940 | D:2      | Found a hazy altar of Hepliaklqana.
  2008 | D:3      | Reached *** piety under Trog
  2008 | D:3      | Reached skill level 6 in Long Blades
  2236 | D:3      | Found a sparkling altar of Nemelex Xobeh.
  2250 | D:3      | Found a sacrificial altar of Ru.
  2665 | D:4      | Reached XP level 6. HP: 53/55 MP: 5/5
  2723 | D:4      | Noticed a slave
  2724 | D:4      | Noticed Pikel
  2724 | D:4      | Noticed a slave
  2729 | D:4      | Noticed a slave
  2738 | D:4      | Killed Pikel
  2738 | D:4      | Reached skill level 5 in Fighting
  2738 | D:4      | Reached skill level 8 in Long Blades
  2738 | D:4      | Reached skill level 5 in Armour
  2738 | D:4      | Reached XP level 7. HP: 23/61 MP: 6/6
  3089 | D:4      | HP: 2/61 [ogre/+0 giant spiked club (24)]
  3093 | D:4      | Demolished by an ogre

Skill      XL: |  1  2  3  4  5  6 |
---------------+-------------------+-----
Long Blades    | 4 5 6 8 |  8.8
Armour         | 3 4 5 |  5.2
Fighting       | 4 5 |  5.4
Throwing       | |  0.3
Dodging        | |  2.7
Stealth        | |  0.3

Action                   |  1- 3 |  4- 6 |  7- 9 || total
-------------------------+-------+-------+-------++-------
Melee: Falchion          |    81 |   103 |    27 ||   211
       Headbutt          |    14 |    27 |     6 ||    47
Throw: Stone             |     9 |       |       ||     9
Invok: Berserk           |       |     1 |     1 ||     2
  Use: Scroll            |       |     7 |     2 ||     9
  Eat: Chunk             |     1 |     5 |     3 ||     9
Armor: Ring mail         |    21 |       |       ||    21
       Chain mail        |       |    51 |     4 ||    55
Dodge: Dodged            |    50 |    40 |     8 ||    98
       Rpst.: Falchion   |     4 |     8 |     2 ||    14
